 Dungeon Crawl Stone Soup version 0.31-a0-188-g5e087ee2ca (webtiles) character file.

Game seed: 18033320011441333492

100 qw the Shooter (level 4, -3/25 HPs)
             Began as a Deep Elf Hunter on June 23, 2023.
             Slain by Grinder (8 damage)
             ... on level 3 of the Dungeon.
             The game lasted 00:00:35 (1770 turns).

qw the Shooter (Deep Elf Hunter)                    Turns: 1770, Time: 00:00:35

Health: -3/25      AC:  4    Str: 10    XL:     4   Next: 47%
Magic:  6/6        EV: 12    Int: 14    God:
Gold:   82         SH:  0    Dex: 18    Spells: 3/3 levels left

rFire   . . .        Y - +2 shortbow (drain)
rCold   . . .        (shield currently unavailable)
rNeg    . . .        c - +0 leather armour
rPois   .            b - +0 helmet
rElec   .            (no cloak)
rCorr   .            (no gloves)
SInv    .            (no boots)
Will    .....        (no amulet)
Stlth   ++           e - +4 ring of slaying {mikee}
HPRegen 0.24/turn    (no ring)
MPRegen 0.10/turn

%: no passive effects
@: about to teleport
A: no striking features
a: no special abilities


You were on level 3 of the Dungeon.
You visited 1 branch of the dungeon, and saw 3 of its levels.

You collected 82 gold pieces.


   Skills:
 - Level 1.5 Fighting
 + Level 7.9 Ranged Weapons
 - Level 2.4 Dodging
 - Level 1.2 Stealth


You had 3 spell levels left.
You didn't know any spells.
Your spell library was empty.

Inventory:

Hand Weapons
 Y - a +2 shortbow of draining (weapon)
Armour
 b - a +0 helmet (worn)
 c - a +0 leather armour (worn)
Jewellery
 e - a +4 ring of slaying (left hand) {mikee}
Potions
 d - a potion of curing {unknown}
 g - a potion of enlightenment {unknown}
 i - a potion of heal wounds {unknown}

Dungeon Overview and Level Annotations

Branches:
Dungeon (3/15)

Altars:

Annotations:
D:3 Grinder


Message History

Done exploring.
1735 ||| READING 2 scrolls labelled GOL HULAONGINT.
As you read the scroll labelled GOL HULAONGINT, it crumbles to dust.
It is a scroll of enchant weapon.
Your +0 shortbow of draining glows red for a moment.
1736 ||| READING scroll of enchant weapon.
As you read the scroll of enchant weapon, it crumbles to dust.
Your +1 shortbow of draining glows red for a moment.
1736 ||| ENCHANTING +1 shortbow of draining.
Done exploring.
(D) Dungeon
Where to? (* - list waypoints, Enter - D:3, ? - help)
What level of the Dungeon? (default 1, ? - help)
There is a stone staircase leading down here.
You climb downwards.
There is a stone staircase leading up here.
Waypoint 2 assigned to D:3.
There is a stone staircase leading up here.
Grinder comes into view.
Grinder shouts!
You shoot an arrow. The arrow hits Grinder.
Grinder is lightly wounded.
You shoot an arrow. The arrow closely misses Grinder.
You shoot an arrow. The arrow hits Grinder.
Grinder is moderately wounded.
You shoot an arrow. The arrow hits Grinder.
Grinder is moderately wounded.
You shoot an arrow. The arrow hits Grinder.
Grinder is moderately wounded.
Grinder gestures at you. Pain shoots through your body!
You shoot an arrow. The arrow barely misses Grinder.
You shoot an arrow. The arrow hits Grinder!
Grinder is severely wounded.
Grinder hits you.
You writhe in agony.
1770 ||| READING scroll of teleportation.
As you read the scroll of teleportation, it crumbles to dust.
You feel strangely unstable. Grinder hits you!
You die...

## .. .# .##
.. . .# ...
#####.#...#.
#...@5......
#####
#.###.##.##.
....# #.# ...
###<# #.#
.....
#.#########.#
######
#...........#
#############


You could see Grinder.

Vanquished Creatures
  5 adders (D:2)
  2 dart slugs (D:2)
  A ball python (D:2)
  4 endoplasms
  2 giant cockroaches
  8 goblins
  4 hobgoblins (D:1)
  2 jackals (D:1)
  5 quokkas
  5 bats
  3 frilled lizards (D:1)
  5 kobolds
  3 rats (D:1)
49 creatures vanquished.

Notes
Turn   | Place    | Note
-------+----------+-------------------------------------------
     0 | D:1      | qw the Deep Elf Hunter began the quest for the Orb.
     0 | D:1      | Reached XP level 1. HP: 12/12 MP: 3/3
     0 | D:1      | 0 ||| qw: Version: 0.3-a-9-g12657ce
     0 | D:1      | 0 ||| qw: Game counter: 4390
     0 | D:1      | 0 ||| qw: Always use a shield: true
     0 | D:1      | 0 ||| qw: God list: Okawaru
     0 | D:1      | 0 ||| qw: Allow faded altars: false
     0 | D:1      | 0 ||| qw: Do Orc after D:15 true
     0 | D:1      | 0 ||| qw: Do second Lair branch before Depths: true
     0 | D:1      | 0 ||| qw: Lair rune preference: random
     0 | D:1      | 0 ||| qw: Plans: Normal
     0 | D:1      | 0 ||| PLANNING D:1-11
     2 | D:1      | Noticed a vampire
     4 | D:1      | Noticed an armataur
     6 | D:1      | Noticed a felid
     6 | D:1      | Noticed an elf
     8 | D:1      | Noticed a vine stalker
    10 | D:1      | Noticed a spriggan
    12 | D:1      | Noticed a formicid
    12 | D:1      | Noticed a merfolk
    14 | D:1      | Noticed a troll
    14 | D:1      | Noticed an octopode
    16 | D:1      | Noticed a gargoyle
    16 | D:1      | Noticed a human
    18 | D:1      | Noticed a demonspawn
    18 | D:1      | Noticed a tengu
    20 | D:1      | Noticed a demigod
    20 | D:1      | Noticed a naga
    22 | D:1      | Noticed a ghoul
    22 | D:1      | Noticed a draconian
    24 | D:1      | Noticed a minotaur
    24 | D:1      | Noticed an ogre
    26 | D:1      | Noticed an octopode
    26 | D:1      | Noticed a meteoran
    28 | D:1      | Noticed a formicid
    28 | D:1      | Noticed a formicid
   108 | D:1      | Reached XP level 2. HP: 16/16 MP: 4/4
   173 | D:1      | Reached skill level 6 in Ranged Weapons
   369 | D:1      | 369 ||| FLEEEEING.
   370 | D:1      | 370 ||| FLEEEEING.
   371 | D:1      | 371 ||| FLEEEEING.
   372 | D:1      | 372 ||| FLEEEEING.
   750 | D:1      | Reached XP level 3. HP: 20/20 MP: 5/5
   901 | D:1      | 901 ||| UPGRADING to +4 ring of slaying {mikee}.
   902 | D:1      | 902 ||| READING scroll labelled VAUNETU KERU.
   903 | D:1      | 903 ||| READING scroll labelled ILUATZ QERYA.
   904 | D:1      | 904 ||| READING 2 scrolls labelled DIHAOQ AKOJOSS.
   908 | D:1      | 908 ||| READING scroll labelled CETHINI HERUI.
   909 | D:1      | 909 ||| DRINKING 2 bubbling red potions.
  1013 | D:1      | 1013 ||| DROPPING scroll of butterflies.
  1014 | D:1      | 1014 ||| DROPPING potion of berserk rage.
  1188 | D:2      | Reached skill level 7 in Ranged Weapons
  1324 | D:2      | Reached XP level 4. HP: 25/25 MP: 6/6
  1680 | D:2      | 1680 ||| UPGRADING to +0 helmet.
  1685 | D:2      | 1685 ||| READING scroll labelled MUETWODEA XEFU.
  1686 | D:2      | 1686 ||| DRINKING 2 cyan potions.
  1687 | D:2      | 1687 ||| DROPPING potion of attraction.
  1735 | D:2      | 1735 ||| READING 2 scrolls labelled GOL HULAONGINT.
  1736 | D:2      | 1736 ||| READING scroll of enchant weapon.
  1736 | D:2      | 1736 ||| ENCHANTING +1 shortbow of draining.
  1762 | D:3      | Noticed Grinder
  1769 | D:3      | HP: 5/25 [Grinder (3)]
  1770 | D:3      | 1770 ||| READING scroll of teleportation.
  1770 | D:3      | Slain by Grinder

Levels and vault maps discovered:
D:1:      kb_arrival_jail, layout_basic
D:2:      layout_basic
D:3:      layout_loops_ring, lemuel_tele_altar, uniq_grinder, uniq_robin

Skill      XL: |  1  2  3 |
---------------+----------+-----
Ranged Weapons | 6 7 |  7.9
Fighting       | |  1.5
Dodging        | |  2.4
Stealth        | |  1.2

Action                     |  1- 3 |  4- 6 || total
---------------------------+-------+-------++-------
   Fire: Shortbow          |    93 |    25 ||   118
    Use: Scroll            |     4 |     4 ||     8
         Potion            |     1 |     1 ||     2
 Armour: Leather armour    |    11 |       ||    11
  Dodge: Dodged            |    16 |       ||    16

Table legend:
 A = Non-vault XP
 B = Vault XP
 C = Vault XP percentage of total XP
 D = Non-vault monster count
 E = Vault monster count
 F = Vault count percentage of total count
                 A         B        C        D         E       F
            +---------+---------+-------+---------+---------+-------
      Total |     144 |       0 |   0.0 |      49 |       0 |   0.0
            +---------+---------+-------+---------+---------+-------
        D:1 |      41 |       0 |   0.0 |      25 |       0 |   0.0
        D:2 |     103 |       0 |   0.0 |      24 |       0 |   0.0
            +---------+---------+-------+---------+---------+-------
